 Dungeon Crawl Stone Soup version 0.23.2-40-g277498a001 (webtiles) character file.

Game seed: 6959938580692044191

1117 Ruokin the Slasher (level 8, -2/68 HPs)
             Began as a Minotaur Fighter on Oct 22, 2019.
             Killed by divine providence
             ... invoked by an orc priest
              (11 damage)
             ... on level 6 of the Dungeon.
             The game lasted 00:21:36 (3544 turns).

Ruokin the Slasher (Minotaur Fighter)               Turns: 3544, Time: 00:21:37

Health: -2/68      AC:  8    Str: 23    XL:     8   Next: 12%
Magic:  7/7        EV: 10    Int:  7    God:
Gold:   331        SH: 10    Dex: 10    Spells: 7/7 levels left

rFire    . . .     SeeInvis .   w - +2 long sword (holy)
rCold    . . .     Gourm    .   c - +0 shield
rNeg     + . .     Faith    .   e - +0 ring mail {rPois}
rPois    +         Spirit   .   (helmet restricted)
rElec    .         Reflect  .   j - +0 cloak
rCorr    .         Harm     .   r - +0 pair of gloves
MR       .....                  (no boots)
Stlth    +.........             (no amulet)
HPRegen  0.21/turn              a - +2 ring of intelligence
MPRegen  0.10/turn              b - ring of positive energy

@: no status effects
A: retaliatory headbutt, horns 2
a: no special abilities


You were on level 6 of the Dungeon.
You were not hungry.

You visited 1 branch of the dungeon, and saw 6 of its levels.

You collected 331 gold pieces.

Inventory:

Hand Weapons
 m - a +2 falchion of holy wrath
 t - a +3 hand axe
 u - a +7 club
 w - a +2 long sword of holy wrath (weapon)
Armour
 c - a +0 shield (worn)
 e - a +0 ring mail of poison resistance (worn)
 j - a +0 cloak (worn)
 r - a +0 pair of gloves (worn)
 s - a +0 plate armour
Jewellery
 a - a +2 ring of intelligence (left hand)
 b - a ring of positive energy (right hand)
 i - an uncursed ring of teleportation
Wands
 x - a wand of flame (9)
Scrolls
 d - a scroll of magic mapping
 h - 4 scrolls of remove curse
 n - a scroll of teleportation
Potions
 g - 2 potions of curing
 k - a potion of might
 l - a potion of invisibility
 o - a potion of cancellation
 p - a potion of haste
 q - a potion of agility
 v - 2 potions of degeneration {unknown}
 z - a potion of mutation {unknown}
 A - 4 potions of lignification {unknown}
Comestibles
 f - 9 rations


   Skills:
 + Level 5.2 Fighting
 + Level 7.5 Long Blades
 + Level 6.1 Armour
 + Level 2.3 Dodging
 + Level 1.0 Stealth
 + Level 6.2 Shields
 + Level 0.6 Evocations


You had 7 spell levels left.
You didn't know any spells.
Your spell library was empty.

Dungeon Overview and Level Annotations

Branches:
Dungeon (6/15)
 Temple: D:4-7

Altars:


Innate Abilities, Weirdness & Mutations

You reflexively headbutt those who attack you in melee.
You have a pair of horns on your head.


Message History

You headbutt the orc warrior.
The orc warrior is moderately wounded.
You closely miss the orc warrior. You headbutt the orc warrior!
The orc warrior is severely wounded.
The orc priest looks encouraged for a moment.
You block the orc warrior's attack.
The orc wizard gestures wildly while chanting.
The orc wizard flickers and vanishes!
Deactivating autopickup; reactivate with Ctrl-A.
The orc priest calls upon Beogh to heal the orc warrior.
You barely miss the orc warrior. Your headbutt misses the orc warrior.
The orc warrior is severely wounded.
The orc warrior hits you with a +0 halberd!!
* * * LOW HITPOINT WARNING * * *
The orc warrior barely misses you.
Things that are here:
a +0 flail; an orc corpse The orc priest invokes the aid of Beogh against you.
Beogh smites you!
You die...

....##.##........
........... S.... #.....#.#
##### #.....#.# # #.......#
# #....#..#######
#....#.>.......
######....##########
.###.####o.@.'....'.........
.....o.{).####....##########
####.####.# #....# #.#
#....# #.# #....# #.# ######
#.# #.# .#


You could see an orc warrior and an orc priest.

Vanquished Creatures
  Duvessa (D:4)
  The ghost of infcreate the Conjurer, an amateur DECj (D:3)
  An ice beast (D:5)
  A phantom (D:4)
  A gnoll sergeant (D:6)
  A scorpion (D:5)
  Dowan (D:4)
  A howler monkey (D:5)
  A centaur zombie (D:5)
  A bullfrog zombie (D:5)
  A hound (D:6)
  A quasit (D:5)
  A bullfrog skeleton (D:5)
  Jessica (D:3)
  2 worker ants
  Terence (D:3)
  Natasha (thrice) (D:3)
  Robin (D:3)
  4 gnolls (D:6)
  5 adders
  6 worms
  2 dart slugs
  4 leopard geckos
  5 orcs
  A bat (D:1)
  4 giant cockroaches
  11 goblins
  7 hobgoblins
  9 jackals
  7 kobolds
  3 quokkas
  A ball python (D:6)
  6 frilled lizards
  6 rats
102 creatures vanquished.

Notes
Turn   | Place    | Note
-------+----------+-------------------------------------------
     0 | D:1      | Ruokin the Minotaur Fighter began the quest for the Orb.
     0 | D:1      | Reached XP level 1. HP: 19/19 MP: 0/0
   377 | D:2      | Reached XP level 2. HP: 27/27 MP: 1/1
   477 | D:2      | Reached XP level 3. HP: 32/33 MP: 2/2
   773 | D:2      | Reached skill level 3 in Long Blades
  1061 | D:3      | Reached skill level 4 in Long Blades
  1061 | D:3      | Reached XP level 4. HP: 39/40 MP: 3/3
  1092 | D:3      | Noticed Natasha
  1103 | D:3      | Killed Natasha
  1262 | D:3      | Noticed Terence
  1263 | D:3      | Noticed Jessica
  1270 | D:3      | Noticed Natasha
  1277 | D:3      | Killed Terence
  1277 | D:3      | Reached XP level 5. HP: 46/46 MP: 4/4
  1280 | D:3      | Killed Natasha
  1285 | D:3      | Killed Jessica
  1335 | D:3      | Found a runed translucent door.
  1357 | D:3      | Noticed infcreate's ghost (amateur DECj)
  1363 | D:3      | Killed infcreate's ghost
  1363 | D:3      | Reached skill level 5 in Long Blades
  1363 | D:3      | Reached skill level 5 in Armour
  1363 | D:3      | Reached skill level 1 in Dodging
  1363 | D:3      | Reached skill level 5 in Shields
  1363 | D:3      | Reached XP level 6. HP: 45/52 MP: 5/5
  1371 | D:3      | Found a runed translucent door.
  1400 | D:3      | Noticed Natasha
  1413 | D:3      | Killed Natasha
  1419 | D:3      | Noticed Robin
  1438 | D:3      | Killed Robin
  1809 | D:4      | Noticed Dowan
  1810 | D:4      | Noticed Duvessa
  1837 | D:4      | Killed Dowan
  1857 | D:4      | Reached skill level 6 in Long Blades
  1857 | D:4      | Reached XP level 7. HP: 30/60 MP: 6/6
  2442 | D:4      | Killed Duvessa
  2984 | D:5      | Entered Level 5 of the Dungeon
  3118 | D:5      | Reached skill level 1 in Stealth
  3160 | D:5      | Reached skill level 7 in Long Blades
  3258 | D:5      | Reached skill level 5 in Fighting
  3451 | D:6      | Reached XP level 8. HP: 55/68 MP: 7/7
  3544 | D:6      | Killed from afar by an orc priest

Skill      XL: |  1  2  3  4  5  6  7 |
---------------+----------------------+-----
Armour         | 4 5 6 |  6.1
Shields        | 4 5 6 |  6.2
Fighting       | 4 5 |  5.2
Long Blades    | 4 5 6 7 |  7.5
Dodging        | 1 2 |  2.3
Stealth        | 1 |  1.0
Evocations     | |  0.6

Action                   |  1- 3 |  4- 6 |  7- 9 || total
-------------------------+-------+-------+-------++-------
Melee: Long sword        |    34 |    73 |    96 ||   203
       Headbutt          |     8 |    19 |    17 ||    44
       Falchion          |    52 |    35 |       ||    87
Evoke: Wand              |       |       |     6 ||     6
  Use: Scroll            |     3 |     1 |    10 ||    14
       Potion            |       |     1 |     4 ||     5
  Eat: Ration            |     1 |       |     2 ||     3
       Chunk             |       |       |     1 ||     1
Armor: Scale mail        |    37 |    36 |       ||    73
       Ring mail         |       |       |    29 ||    29
Dodge: Dodged            |    31 |    31 |    32 ||    94
Block: Shield            |    40 |    52 |    57 ||   149
       Rpst.: Long sword |     9 |     4 |    12 ||    25
       Falchion          |     1 |     2 |       ||     3
